 Dungeon Crawl Stone Soup version 0.29-a0-2-g12fcac58f8 (webtiles) character file.

Game seed: 12279389024540559183

3476 vineage the Fighter (level 10, -1/102 HPs)
             Began as a Gargoyle Fighter on Jan 26, 2022.
             Was a Priest of Okawaru.
             Slain by Grum (8 damage)
             ... on level 9 of the Dungeon.
             The game lasted 00:10:26 (8885 turns).

vineage the Fighter (Gargoyle Fighter)              Turns: 8885, Time: 00:10:26

Health: -1/102     AC: 32    Str: 22    XL:     10   Next: 6%
Magic:  0/10       EV:  2    Int:  9    God:    Okawaru [***...]
Gold:   371        SH: 15    Dex: 13    Spells: 9/9 levels left

rFire   . . .      SeeInvis .   j - +4 mace (protect)
rCold   + . .      Faith    .   v - +1 tower shield
rNeg    + . .      Spirit   +   (armour currently unavailable)
rPois   ∞          Reflect  .   (helmet currently unavailable)
rElec   +          Harm     .   (cloak currently unavailable)
rCorr   .          Rampage  .   (gloves currently unavailable)
Will    .....      NoTele   +   (boots currently unavailable)
Stlth   +.........              h - amulet of guardian spirit
HPRegen 0.27/turn               k - ring of flight
MPRegen 0.12/turn               d - ring of the Gloaming {rElec rC+ Str+2}

@: mighty, tree-form, under a protective aura, invisible (expiring)
A: stationary, stasis, torment immunity, boosted hp, sickness immunity, AC +7,
negative energy resistance 1, (electricity resistance), torment resistance 1,
petrification resistance
a: Renounce Religion, Heroism


You were on level 9 of the Dungeon.
You worshipped Okawaru.
Okawaru was most pleased with you.
You were a tree.
You visited 2 branches of the dungeon, and saw 10 of its levels.

You collected 371 gold pieces.

Inventory:

Hand Weapons
 a - a +0 flail of flaming
 j - a +4 mace of protection (weapon)
Armour
 c - a +0 plate armour (melded)
 m - a +0 cloak (melded)
 n - a +0 pair of gloves (melded)
 p - a +2 hat (melded)
 v - a +1 tower shield (worn)
Jewellery
 d - the ring of the Gloaming (right branch) {rElec rC+ Str+2}
   (You acquired it on level 3 of the Dungeon)

   [ring of protection from cold]

   Str:       It affects your strength (+2).
   rC:        It protects you from cold.
   rElec:     It insulates you from electricity.
 h - an amulet of guardian spirit (around neck)
 k - a ring of flight (left branch)
 r - an amulet of magic regeneration
 w - a ring of wizardry
 A - a ring of magical power
Wands
 o - a wand of flame (14)
Scrolls
 b - a scroll of fog
 t - a scroll of teleportation
 x - a scroll of amnesia
 y - 2 scrolls of immolation
Potions
 e - 2 potions of attraction
 f - 2 potions of curing
 g - 2 potions of flight
 l - a potion of lignification
 s - a potion of cancellation {unknown}
 z - a potion of resistance {unknown}


   Skills:
 * Level 10.3 Fighting
 + Level 6.5 Maces & Flails
 + Level 7.6 Armour
 + Level 7.6 Shields


You had 9 spell levels left.
You didn't know any spells.
Your spell library contained the following spells:

 Spells                   Type           Power      Damage    Failure   Level
 Beastly Appendage        Tmut           0%         N/A       97%         1
 Freeze                   Ice            0%         1d3       97%         1
 Shock                    Conj/Air       0%         1d3       97%         1
 Wereblood                Tmut           0%         N/A       99%         2
 Frozen Ramparts          Ice            0%         1d2       100%        3
 Spider Form              Tmut/Pois      0%         N/A       100%        3
 Swiftness                Air            0%         N/A       100%        3
 Airstrike                Air            0%         N/A       100%        4
 Hailstorm                Conj/Ice       0%         3d3       100%        4


Dungeon Overview and Level Annotations

Branches:
Dungeon (9/15)             Temple (1/1) D:7             Orc (0/2) D:9
   Lair: D:8-11

Altars:
Ashenzari
Elyvilon
Gozag
Makhleb
Nemelex Xobeh
Okawaru
Ru
Sif Muna
Trog
Vehumet
Beogh

Shops:
D:3 [   D:4 !*[

Annotations:
D:9 Grum


Innate Abilities, Weirdness & Mutations

You are a tree.
Your roots penetrate the ground, keeping you stationary.
You cannot be teleported.
You are immune to unholy pain and torment.
Your maximum health is greatly increased.
Your equipment is partially melded.
You are immune to sickness and miasma.
((Your stone body is resilient. (AC +7)))
You are immune to poison.
You resist negative energy. (rN+)
((You are resistant to electric shocks. (rElec)))
You are resistant to unholy torment.
You are immune to petrification.


Message History

The wolf bites you but does no damage. The wolf bites you!
* * * LOW HITPOINT WARNING * * *
You feel better. You block the wolf's attack.
You fade into invisibility!
You block the wolf's attack. The wolf bites you but does no damage.
The wolf bites you but does no damage. The wolf bites you but does no damage.
The wolf barely misses you. You block the wolf's attack.
The wolf barely misses you. The wolf bites you.
* * * LOW HITPOINT WARNING * * *
The wolf bites you but does no damage. You block the wolf's attack.
The wolf bites you but does no damage. x2
The wolf bites you.
* * * LOW HITPOINT WARNING * * *
The wolf bites you but does no damage.
It was a potion of lignification.
You turn into a tree.
Your +0 cloak melds into your body.
Your +2 hat melds into your body.
Your +0 pair of gloves melds into your body.
Your +0 plate armour melds into your body.
Your roots penetrate the ground.
The wolf bites you but does no damage.
You feel very mighty all of a sudden. The wolf barely misses you.
The wolf bites you but does no damage.
Grum hits you from afar with a +1 halberd.
* * * LOW HITPOINT WARNING * * *
You feel better. The wolf completely misses you. You block the wolf's attack.
Grum hits you from afar with a +1 halberd!
* * * LOW HITPOINT WARNING * * *
You miss the wolf. You block the wolf's attack.
You sock Grum!
Your weapon exudes an aura of protection.
Grum is moderately wounded.
You block Grum's attack.
You sock Grum!
Grum is severely wounded.
You flicker for a moment.
You block Grum's attack.
You hit Grum.
Grum is severely wounded.
Grum hits you with a +1 halberd!
You die...

.........# #.......# #####'###
.........# #.......####.......#
.........# #.......'.##....[..#
.........#####.......#.##.......#
.......>)##..'.......#..'.......#
........)'..##.......####..>....#
........)#####.......# ######'##
.........# ###'##### #..#
'######### #♣# ##.. ...# ###g#
##. ##.# #.hh# ######+ ##'######
##o######## #...... ........#
#.o.......# #...... ........#
#.........### #...... ........#
#...........# #...... ........###
#.........#.###......
........'.###.>.......#..##......


You could see Grum, 2 wolves, an orc priest and an orc.

Vanquished Creatures
  2 trolls (D:9)
  Sigmund (D:2)
  A sky beast (D:5)
  2 black bears
  The ghost of Ibis19 the Chopper, an amateur MiBe of Trog (D:3)
  An ice beast (D:5)
  2 orc warriors
  A centaur (D:5)
  An ogre (D:5)
  A phantom (D:5)
  A kobold brigand (D:8)
  5 bullfrogs
  4 scorpions
  A gnoll sergeant (D:9)
  A wyvern skeleton (D:6)
  3 wights (D:8)
  A howler monkey (D:9)
  2 jellies (D:7)
  A bullfrog zombie (D:6)
  3 orc priests
  3 hounds
  A centaur skeleton (D:6)
  Crazy Yiuf (D:2)
  Jessica (D:2)
  4 iguanas
  Natasha (thrice) (D:3)
  Terence (D:2)
  7 orc wizards
  A hound zombie (D:5)
  8 adders
  11 gnolls
  A white imp (D:8)
  A worm (D:2)
  3 dart slugs
  43 orcs
  4 bats
  7 endoplasms
  6 giant cockroaches
  8 goblins
  10 hobgoblins
  4 jackals (D:4)
  11 kobolds
  4 quokkas
  11 ball pythons
  A frilled lizard (D:1)
  4 rats
194 creatures vanquished.

Vanquished Creatures (others)
  An orc wizard (D:8)
  2 demonic plants (D:2)
  8 fungi (D:2)
  7 plants (D:2)
  3 withered plants (D:2)
21 creatures vanquished.

Grand Total: 215 creatures vanquished

Notes
Turn   | Place    | Note
-------+----------+-------------------------------------------
     0 | D:1      | vineage the Gargoyle Fighter began the quest for the Orb.
     0 | D:1      | Reached XP level 1. HP: 14/14 MP: 1/1
   157 | D:1      | Reached XP level 2. HP: 19/19 MP: 2/2
   676 | D:1      | Reached XP level 3. HP: 24/24 MP: 3/3
  1140 | D:2      | Found a faded altar of an unknown god.
  1151 | D:2      | Reached skill level 4 in Fighting
  1194 | D:2      | Noticed Terence
  1200 | D:2      | Killed Terence
  1201 | D:2      | Reached XP level 4. HP: 16/29 MP: 2/4
  1346 | D:2      | Noticed Sigmund
  1366 | D:2      | Killed Sigmund
  1367 | D:2      | Reached skill level 5 in Fighting
  1367 | D:2      | Reached XP level 5. HP: 10/35 MP: 1/5
  1367 | D:2      | Reached XP level 6. HP: 11/40 MP: 1/6
  1626 | D:2      | Found a radiant altar of Vehumet.
  1798 | D:2      | Found a runed translucent door.
  1799 | D:2      | Noticed Crazy Yiuf
  1977 | D:2      | Noticed Jessica
  1983 | D:2      | Killed Jessica
  2290 | D:2      | Killed Crazy Yiuf
  2335 | D:3      | Found a runed translucent gate.
  2335 | D:3      | Found a runed translucent gate.
  2335 | D:3      | Found a runed translucent gate.
  2337 | D:3      | Identified the +4 dagger of Ruination {vorpal, rF+ rN+++
                  | Will- Str-3}
  2337 | D:3      | Identified the +3 scale mail "Beuthim" {rC++ Int+4}
  2339 | D:3      | Noticed Ibis19's ghost (amateur MiBe)
  2518 | D:3      | Identified a scroll of acquirement
  2518 | D:3      | Acquired the ring of the Gloaming {rElec rC+ Str+2}
  2925 | D:3      | Found Haonolan's Antique Armour Shop.
  2989 | D:3      | Noticed Natasha
  3001 | D:3      | Killed Natasha
  3037 | D:3      | Noticed Natasha
  3052 | D:3      | Killed Natasha
  3053 | D:3      | Reached XP level 7. HP: 37/45 MP: 5/7
  3221 | D:3      | Killed Ibis19's ghost
  3222 | D:3      | Reached skill level 6 in Fighting
  3365 | D:3      | Noticed Natasha
  3370 | D:3      | Killed Natasha
  3371 | D:3      | Reached skill level 5 in Shields
  3420 | D:4      | Found Enuicw's General Store.
  3517 | D:4      | You are sucked into a shaft and drop 3 floors!
  3551 | D:7      | Reached skill level 5 in Armour
  3593 | D:7      | Found a staircase to the Ecumenical Temple.
  3608 | Temple   | Entered the Ecumenical Temple
  3692 | Temple   | Became a worshipper of Warmaster Okawaru
  3798 | D:6      | Found a sacrificial altar of Ru.
  3852 | D:5      | Entered Level 5 of the Dungeon
  4336 | D:4      | Found Jidotwim's Armour Shoppe.
  4441 | D:4      | Found Voixoweu's Distillery.
  4603 | D:5      | Reached XP level 8. HP: 52/52 MP: 8/8
  4612 | D:5      | Found a sparkling altar of Nemelex Xobeh.
  4631 | D:5      | Reached skill level 7 in Fighting
  4752 | D:5      | Reached * piety under Okawaru
  5139 | D:5      | Found a broken altar of Ashenzari.
  5139 | D:5      | Found a shimmering blue altar of Sif Muna.
  5145 | D:5      | Found a radiant altar of Vehumet.
  5168 | D:5      | Reached skill level 8 in Fighting
  5168 | D:5      | Reached skill level 5 in Maces & Flails
  5953 | D:6      | Reached XP level 9. HP: 60/60 MP: 9/9
  6087 | D:6      | Reached ** piety under Okawaru
  6471 | D:7      | Found an opulent altar of Gozag.
  6526 | D:7      | Reached skill level 9 in Fighting
  7741 | D:9      | Found a staircase to the Orcish Mines.
  7826 | D:9      | Noticed a troll
  7834 | D:9      | Reached *** piety under Okawaru
  7861 | D:9      | Killed a troll
  7862 | D:9      | Reached skill level 10 in Fighting
  8159 | D:9      | Noticed a boulder beetle
  8198 | D:9      | Found a bloodstained altar of Trog.
  8596 | D:9      | Noticed a troll
  8608 | D:9      | Killed a troll
  8609 | D:9      | Reached XP level 10. HP: 55/68 MP: 8/10
  8831 | D:9      | Noticed Grum
  8864 | D:9      | HP: 2/68 [wolf[Grum] (7)]
  8880 | D:9      | HP: 3/102 [Grum (5)]
  8885 | D:9      | Slain by Grum

Illustrated notes

Levels and vault maps discovered:
D:1:      dpeg_arrival_tiny_g, layout_rooms, serial_forest,
          infiniplex_forest_straight_4, infiniplex_forest_lined_3_way,
          infiniplex_forest_corner_2, infiniplex_forest_clump_small,
          infiniplex_forest_clump_diagonal, infiniplex_forest_clump_large,
          infiniplex_forest_end_double, minmay_curled_crystal,
          minmay_misc_feat_tower, minmay_liquid_box, minivault_27,
          nrook_campfire, minmay_hexomino_u4
D:2:      layout_rooms, serial_forest, infiniplex_forest_corner_2,
          infiniplex_forest_lined_corner, infiniplex_forest_clump_medium,
          infiniplex_forest_lined_2, infiniplex_forest_lined_1,
          infiniplex_forest_side_room, shapermc_ecumenical_altar_gd,
          basic_altar, grunt_ministairs_10, minmay_tree_intersection,
          nicolae_elevator_lobby_asterisk, uniq_jessica, uniq_sigmund,
          uniq_terence, uniq_crazy_yiuf_cottage
D:3:      minmay_inner_zag, layout_basic, serial_glass, glass_columns_b,
          glass_columns_b, glass_columns_c, glass_columns_a, serial_shops,
          nicolae_shop_statue_plus, biasface_ghost_orc_armoury, uniq_natasha
D:4:      layout_loops_ring, serial_shops, nicolae_shop_hallway_plus,
          kennysheep_little_box, shop
D:5:      layout_loops_corners, nemelex_xobeh_ov_fountains_minmay,
          nicolae_overflow_hidden_temple
D:6:      layout_loops_ring, nicolae_ru_sacrificial_ziggurat
D:7:      layout_basic, nicolae_gozag_seed_capital,
          minmay_temple_entry_glassed_door
D:8:      layout_cave_pools
D:9:      layout_roguey, nicolae_uskayaw_dance_hall, lemuel_crystal_altar,
          minmay_orc_entry_temple_small, uniq_grum
Temple:   minmay_temple_curvy_branch

Skill      XL: |  1  2  3  4  5  6  7  8  9 |
---------------+----------------------------+-----
Fighting       | 4 5 6 8 10 | 10.3
Maces & Flails | 3 4 5 6 |  6.5
Armour         | 4 5 6 7 |  7.6
Shields        | 4 5 6 7 |  7.6

Action                   |  1- 3 |  4- 6 |  7- 9 | 10-12 || total
-------------------------+-------+-------+-------+-------++-------
Melee: Flail             |    91 |       |       |       ||    91
       Mace              |       |   143 |   540 |    19 ||   702
Invok: Heroism           |       |       |     2 |     1 ||     3
  Use: Scroll            |     1 |     4 |    10 |     1 ||    16
       Potion            |       |     1 |       |     6 ||     7
Armor: Scale mail        |    56 |    87 |    50 |       ||   193
       Plate armour      |       |       |   468 |    30 ||   498
       Skin              |       |       |       |     2 ||     2
Dodge: Dodged            |    62 |    82 |   102 |    11 ||   257
Block: Buckler           |    19 |    45 |    13 |       ||    77
       Tower shield      |       |       |   491 |    44 ||   535

Table legend: (Time is in decaauts)
 A = Elapsed time spent in this place.
 B = Non-inter-level travel time spent in this place.
 C = Inter-level travel time spent in this place.
 D = Time resting spent in this place.
 E = Time spent auto-exploring this place.
 F = Levels seen in this place.
 G = Mean time per level.
                   A        B        C        D        E       F      G
               +--------+--------+--------+--------+--------+-----+--------+
         Total |   9194 |   8864 |    330 |    924 |   6141 |  10 |  919.4 |
       Dungeon |   9087 |   8787 |    300 |    924 |   6066 |   9 | 1009.7 |
        Temple |    106 |     76 |     30 |      0 |     75 |   1 |  106.0 |
               +--------+--------+--------+--------+--------+-----+--------+

Top non-repeatable levels by time:
     D:5: 1323 daAuts
     D:2: 1229 daAuts
     D:9: 1188 daAuts
     D:1: 1121 daAuts
     D:3: 1108 daAuts
     D:8: 867 daAuts
     D:4: 813 daAuts
     D:6: 784 daAuts
     D:7: 651 daAuts
  Temple: 106 daAuts
